 Dungeon Crawl Stone Soup version 0.27.1-35-g4d5d836560 (webtiles) character file.

Game seed: 6978127016517143962

770 Delamore the Sneak (level 7, -4/50 HPs)
             Began as an Octopode Brigand on June 20, 2022.
             Splashed by a jelly's acid (8 damage)
             ... on level 6 of the Dungeon.
             The game lasted 00:04:12 (5068 turns).

Delamore the Sneak (Octopode Brigand)               Turns: 5068, Time: 00:04:13

Health: -4/50      AC:  1    Str: 11    XL:     7   Next: 82%
Magic:  7/7        EV: 14    Int: 13    God:
Gold:   279        SH:  5    Dex: 15    Spells: 6/6 levels left

rFire    . . .     SeeInvis .   d - +0 dagger (venom)
rCold    . . .     Faith    .   s - +0 buckler of Refuge {+Blink Stlth+}
rNeg     . . .     Spirit   .   (helmet restricted)
rPois    .         Reflect  .   (no amulet)
rElec    .         Harm     .   (no ring)
rCorr    .         Rampage  .   (no ring)
Will     .....                  (no ring)
Stlth    +++++.....             (no ring)
HPRegen  0.16/turn              (no ring)
MPRegen  0.10/turn              (no ring)
                                (no ring)
                                (no ring)

@: no status effects
A: almost no armour, amphibious, 8 rings, camouflage 1, gelatinous body 1,
(nimble swimmer 1), tentacles
a: Evoke Blink


You were on level 6 of the Dungeon.
You visited 1 branch of the dungeon, and saw 6 of its levels.

You collected 279 gold pieces.

Inventory:

Hand Weapons
 a - a +2 dagger
 d - a +0 dagger of venom (weapon)
Missiles
 b - 12 poisoned darts
 c - 2 curare-tipped darts
 h - 57 stones (quivered)
Armour
 s - the +0 buckler of Refuge (worn) {+Blink Stlth+}
   (You found it on level 4 of the Dungeon)

   +Blink:    It lets you blink.
   Stlth:     It makes you more stealthy.
Jewellery
 j - an amulet of faith
 o - an amulet of regeneration
Scrolls
 e - a scroll of silence {unknown}
 g - a scroll of fog
 n - a scroll of magic mapping
 p - a scroll of fear {unknown}
 r - a scroll of noise {unknown}
 t - 3 scrolls of identify
 u - 3 scrolls of teleportation {unknown}
Potions
 i - a potion of brilliance {unknown}
 k - a potion of berserk rage {unknown}
 l - a potion of magic {unknown}
 m - a potion of might {unknown}
 q - 2 potions of attraction {unknown}


   Skills:
 - Level 5.0 Fighting
 - Level 2.0 Short Blades
 + Level 4.8 Throwing
 + Level 3.8 Dodging
 - Level 5.3 Stealth
 * Level 3.6 Shields


You had 6 spell levels left.
You didn't know any spells.
Your spell library contained the following spells:

 Spells                   Type           Power      Damage    Failure   Level
 Blink                    Tloc           N/A        N/A       43%         2
 Lesser Beckoning         Tloc           0%         N/A       67%         3
 Manifold Assault         Tloc           0%         N/A       100%        5


Dungeon Overview and Level Annotations

Branches:
Dungeon (6/15)
 Temple: D:4-7

Altars:
Kikubaaqudgha
Okawaru

Annotations:
D:4 1 runed translucent door, Delamore's ghost, amateur OpBr


Innate Abilities, Weirdness & Mutations

You cannot wear most types of armour.
You are amphibious.
You can wear up to eight rings at the same time.
Your skin changes colour to match your surroundings (Stealth+).
Your rubbery body absorbs attacks. (AC +1, EV +1)
((You are camouflaged near water. (Stealth+)))
You have tentacles for arms and can constrict up to eight enemies at once.


Message History

An iguana is nearby!
A centaur comes into view.
The centaur shouts!
The centaur wields a +0 shortbow.
The centaur shoots an arrow.
The arrow barely misses you.
An ice beast comes into view.
The centaur shoots an arrow.
The arrow hits you!
A black bear and a jelly come into view.
The centaur shoots an arrow.
The arrow hits you!
You hear a shout!
An orc wizard comes into view. It is wielding a +0 dagger.
The jelly quivers.
The black bear growls angrily.
The jelly jiggles.
You hear an angry hiss.
An iguana comes into view.
The iguana hisses angrily.
The centaur shoots an arrow.
The arrow misses you.
The iguana hisses angrily.
You hit the jelly but do no damage.
Your tentacles burn!
You block the ice beast's attack. The jelly misses you.
You are too injured to fight recklessly!
You are too injured to fight recklessly!
The centaur shoots an arrow.
You block the arrow.
The centaur shoots an arrow.
You block the arrow.
There is a stone staircase leading down here.
The ice beast hits you. The ice beast freezes you!
* * * LOW HITPOINT WARNING * * *
The orc wizard mumbles some strange words.
The orc wizard flickers and vanishes!
Deactivating autopickup; reactivate with Ctrl-A.
You climb downwards.
Reactivating autopickup.
There is a stone staircase leading up here.
Okay, then.
Okay, then.
You fail to use your ability.
The jelly hits you.
* * * LOW HITPOINT WARNING * * *
You are splashed with acid!
You die...

#.. #..#
#... #...
#... #...
#...####.#
#..J@Y...#
#.#.######
#. ##


You could see an ice beast and a jelly.

Vanquished Creatures
  Sigmund (D:2)
  Menkaure (D:4)
  Duvessa (D:4)
  A black bear (D:4)
  A water moccasin skeleton (D:4)
  Dowan (D:4)
  A hound (D:4)
  A bullfrog skeleton (D:5)
  A hound skeleton (D:4)
  A river rat (D:4)
  4 adders
  2 adder skeletons
  2 worms
  3 dart slugs
  5 orcs
  7 ball pythons
  4 bats
  6 endoplasms
  7 giant cockroaches
  12 goblins
  4 hobgoblins
  6 jackals
  3 quokkas
  5 frilled lizards
  3 kobolds
  7 rats
90 creatures vanquished.

Notes
Turn   | Place    | Note
-------+----------+-------------------------------------------
     0 | D:1      | Delamore the Octopode Brigand began the quest for the Orb.
     0 | D:1      | Reached XP level 1. HP: 14/14 MP: 1/1
   170 | D:1      | Reached XP level 2. HP: 19/19 MP: 2/2
   676 | D:1      | Reached XP level 3. HP: 20/25 MP: 3/3
   789 | D:1      | Found a faded altar of an unknown god.
  1113 | D:2      | Noticed Sigmund
  1118 | D:2      | Killed Sigmund
  1119 | D:2      | Reached XP level 4. HP: 33/33 MP: 4/4
  1119 | D:2      | Reached XP level 5. HP: 37/37 MP: 5/5
  2159 | D:3      | Reached XP level 6. HP: 39/44 MP: 6/6
  3018 | D:4      | Found an iron altar of Okawaru.
  3029 | D:4      | Found an ancient bone altar of Kikubaaqudgha.
  3194 | D:4      | Identified the +0 buckler of Refuge {+Blink Stlth+}
  3203 | D:4      | Found a runed translucent door.
  3206 | D:4      | Noticed a black bear
  3214 | D:4      | Killed a black bear
  3215 | D:4      | Reached skill level 1 in Shields
  3339 | D:4      | Noticed Delamore's ghost (amateur OpBr)
  3396 | D:4      | Reached skill level 5 in Fighting
  3562 | D:4      | Noticed Dowan
  3563 | D:4      | Noticed Duvessa
  3571 | D:4      | Killed Dowan
  3572 | D:4      | Reached XP level 7. HP: 50/50 MP: 7/7
  3597 | D:4      | Killed Duvessa
  3941 | D:4      | Found a runed translucent door.
  4214 | D:4      | Noticed Menkaure
  4222 | D:4      | HP: 1/50 [Menkaure (24)]
  4223 | D:4      | Killed Menkaure
  4981 | D:5      | Entered Level 5 of the Dungeon
  5068 | D:6      | Splashed by a jelly's acid

Illustrated notes

Levels and vault maps discovered:
D:1:      psy_arrival_radial01, layout_basic, dreamdust_ecumenical_altar_statues
D:2:      layout_loops_ring, uniq_sigmund
D:3:      layout_basic
D:4:      layout_layer_cave, amcnicky_altar_gilded,
          mainiacjoe_overflow_small_starburst, ebering_ghost_sewer_f,
          uniq_duvessa, uniq_menkaure
D:5:      layout_basic, zin_angel, minmay_temple_entry_mini_moons,
          serial_bayou_pond_b, uniq_ijyb
D:6:      layout_basic, nzn_wu_jian_council_hall, mainiacjoe_overflow_catwalk,
          minmay_misc_feat_more_columns

Skill      XL: |  1  2  3  4  5  6  7 |
---------------+----------------------+-----
Fighting       | 4 5 |  5.0
Throwing       | 3 4 |  4.8
Dodging        | 2 3 |  3.8
Shields        | 1 3 |  3.6
Short Blades   | |  2.0
Stealth        | |  5.3

Action                   |  1- 3 |  4- 6 |  7- 9 || total
-------------------------+-------+-------+-------++-------
Melee: Dagger            |    51 |    94 |    41 ||   186
       Constrict         |    12 |    25 |     7 ||    44
       Tentacles         |    10 |    22 |    10 ||    42
Throw: Dart              |       |     7 |     8 ||    15
       Stone             |       |       |     2 ||     2
 Abil: Evoke Blink       |       |       |     9 ||     9
  Use: Scroll            |       |     2 |       ||     2
       Potion            |       |       |     3 ||     3
 Stab: Sleeping          |     9 |    12 |     4 ||    25
Armor: Skin              |     4 |     5 |     2 ||    11
Dodge: Dodged            |    26 |    47 |    12 ||    85
Block: Buckler           |       |     3 |    18 ||    21
